 Dungeon Crawl Stone Soup version 0.27.1 (webtiles) character file.

Game seed: 18088138759503244482

31 Rrauwl the Vexing (level 3, -2/20 HPs)
             Began as a Deep Elf Arcane Marksman on Aug 27, 2021.
             Slain by a hobgoblin (8 damage)
             ... on level 2 of the Dungeon.
             The game lasted 00:04:14 (1524 turns).

Rrauwl the Vexing (Deep Elf Arcane Marksman)        Turns: 1524, Time: 00:04:15

Health: -2/20      AC:  5    Str:  8    XL:     3   Next: 7%
Magic:  8/8        EV: 13    Int: 17    God:
Gold:   131        SH:  0    Dex: 15    Spells: 5/6 levels left

rFire    . . .     SeeInvis .   a - +0 shortbow
rCold    . . .     Faith    .   (shield currently unavailable)
rNeg     . . .     Spirit   .   d - +0 robe
rPois    .         Reflect  .   h - +0 helmet
rElec    .         Harm     .   k - +1 cloak
rCorr    +         Rampage  .   (no gloves)
Will     .....                  (no boots)
Stlth    +.........             (no amulet)
HPRegen  0.06/turn              b - ring of resist corrosion
MPRegen  0.11/turn              (no ring)

@: brilliant
A: no striking features
a: no special abilities


You were on level 2 of the Dungeon.
You visited 1 branch of the dungeon, and saw 2 of its levels.

You collected 131 gold pieces.

Inventory:

Hand Weapons
 a - a +0 shortbow (weapon)
Armour
 d - a +0 robe (worn)
 h - a +0 helmet (worn)
 k - a +1 cloak (worn)
Jewellery
 b - a ring of resist corrosion (left hand)
Scrolls
 i - 2 scrolls of magic mapping
 j - 3 scrolls of identify
Potions
 e - a potion of haste


   Skills:
 + Level 1.2 Fighting
 + Level 3.2 Bows
 + Level 0.8 Armour
 + Level 2.9 Dodging
 + Level 2.2 Spellcasting
 - Level 4.0 Hexes


You had 5 spell levels left.
You knew the following spells:

 Your Spells              Type           Power      Damage    Failure   Level
a - Corona                Hex            25%        N/A       3%          1

Your spell library contained the following spells:

 Spells                   Type           Power      Damage    Failure   Level
 Slow                     Hex            23%        N/A       5%          2
 Inner Flame              Hex/Fire       13%        N/A       26%         3
 Portal Projectile        Hex/Tloc       26%        N/A       26%         3
 Cause Fear               Hex            11%        N/A       34%         4


Dungeon Overview and Level Annotations

Branches:
Dungeon (2/15)

Altars:


Message History

It was a potion of brilliance.
You feel clever all of a sudden.
A bat comes into view.
The adder barely misses you.
You shoot an arrow. The arrow closely misses the hobgoblin.
The arrow hits the adder but does no damage.
The hobgoblin hits you with a +0 mace. The hobgoblin closely misses you.
You shoot an arrow.
The arrow hits the hobgoblin but does no damage.
The hobgoblin hits you with a +0 mace.
You shoot an arrow. The arrow hits the hobgoblin.
The hobgoblin is almost dead.
The hobgoblin closely misses you.
You do not have any ammo quivered for your +0 shortbow.
You do not have any ammo quivered for your +0 shortbow.
Okay, then.
As you read the scroll labelled MED ILACYFFA, it crumbles to dust.
It is a scroll of identify.
i - 2 scrolls of magic mapping The hobgoblin misses you.
As you read the scroll labelled UNUCROSCHAT, it crumbles to dust.
It is a scroll of enchant armour.
Your +0 cloak glows green for a moment.
The hobgoblin hits you with a +0 mace.
Really attack while wielding your +0 shortbow? [Y]es or [N]o only, please.
Really attack while wielding your +0 shortbow?
You clumsily bash the hobgoblin but do no damage.
The hobgoblin is almost dead.
The hobgoblin closely misses you.
You clumsily bash the hobgoblin but do no damage.
The hobgoblin is almost dead.
The hobgoblin closely misses you. The hobgoblin hits you with a +0 mace.
* * * LOW HITPOINT WARNING * * *
You clumsily bash the hobgoblin but do no damage.
The hobgoblin is severely wounded.
The hobgoblin misses you.
You clumsily bash the hobgoblin but do no damage.
The hobgoblin is severely wounded.
The hobgoblin closely misses you. The hobgoblin hits you with a +0 mace!
You die...

#.........#
.#........(#
.....(.(...# #
b..........##.#
#.............
##...(......# #
......bS....#.#
#. ##g###.#.#
#. #.@.##... ##
###...##.#
#........#
#...........# #
#.##........# #
. ###...##.# #
......##.# #
########.# #
####.#### #


You could see an adder, a hobgoblin and a bat.

Vanquished Creatures
  A worm (D:2)
  A dart slug (D:1)
  4 endoplasms
  3 goblins (D:1)
  5 hobgoblins (D:1)
  2 quokkas (D:1)
  4 bats
  A kobold (D:2)
  A rat (D:1)
22 creatures vanquished.

Vanquished Creatures (others)
  6 fungi (D:2)
  2 toadstools (D:2)
8 creatures vanquished.

Grand Total: 30 creatures vanquished

Notes
Turn   | Place    | Note
-------+----------+-------------------------------------------
     0 | D:1      | Rrauwl the Deep Elf Arcane Marksman began the quest for the
                  | Orb.
     0 | D:1      | Reached XP level 1. HP: 11/11 MP: 5/5
   292 | D:1      | Reached skill level 1 in Fighting
   328 | D:1      | Reached XP level 2. HP: 16/16 MP: 6/6
   375 | D:1      | Found a faded altar of an unknown god.
  1465 | D:2      | Reached XP level 3. HP: 20/20 MP: 8/8
  1524 | D:2      | Slain by a hobgoblin

Illustrated notes

Levels and vault maps discovered:
D:1:      dpeg_arrival_chambers_temple_mockup, layout_loops_ring,
          basic_ecumenical_altar, minmay_misc_feat_doors
D:2:      layout_loops_ring, serial_aquarium, aquarium_bridge_long_separate
          [aquarium_subvault_bridge, aquarium_subvault_window,
          aquarium_subvault_bridge, aquarium_subvault_bridge,
          aquarium_subvault_window, aquarium_subvault_wall],
          aquarium_bridge_straight [aquarium_subvault_bridge,
          aquarium_subvault_wall, aquarium_subvault_bridge,
          aquarium_subvault_window], aquarium_window_1, aquarium_window_2,
          aquarium_window_fake, aquarium_view_2a, aquarium_pool_2,
          minmay_gold_behind_fungi

Skill      XL: |  1  2 |
---------------+-------+-----
Fighting       | 1 |  1.2
Bows           | 3 |  3.2
Spellcasting   | 2 |  2.2
Armour         | |  0.8
Dodging        | |  2.9
Hexes          | |  4.0

Action                   || total
-------------------------++-------
Melee: Unarmed           ||     6
       Shortbow          ||     4
 Fire: Shortbow          ||    82
  Use: Potion            ||     2
       Scroll            ||     2
Armor: Robe              ||     9
Dodge: Dodged            ||    34
